 Dungeon Crawl Stone Soup version 0.30-a0-568-g124715a40b (webtiles) character file.

Game seed: 2280434793645348225

21 arthad the Magician (level 2, -4/18 HPs)
             Began as a Gnoll Hedge Wizard on Dec 28, 2022.
             Slain by Natasha (6 damage)
             ... on level 2 of the Dungeon.
             The game lasted 00:01:00 (1005 turns).

arthad the Magician (Gnoll Hedge Wizard)            Turns: 1005, Time: 00:01:01

Health: -4/18      AC:  2    Str:  9    XL:     2   Next: 83%
Magic:  10/10      EV: 13    Int: 13    God:
Gold:   30         SH:  0    Dex: 11    Spells: 14/15 levels left

rFire   x . .      SeeInvis .    a - +0 dagger
rCold   . . .      Faith    .    (no shield)
rNeg    . . .      Spirit   .    b - +0 robe
rPois   .          Reflect  .    c - +0 hat
rElec   .          Harm     .    (no cloak)
rCorr   .          Rampage  .    (no gloves)
Will    +....                    (no boots)
Stlth   ++                       (no amulet)
HPRegen 0.23/turn                (no ring)
MPRegen 0.12/turn                (no ring)

@: no status effects
A: fangs 1, strong nose, distributed training, frail 1, strong-willed 1, heat
vulnerability 1
a: no special abilities


You were on level 2 of the Dungeon.
You visited 1 branch of the dungeon, and saw 2 of its levels.

You collected 30 gold pieces.

Inventory:

Hand Weapons
 a - a +0 dagger (weapon)
Armour
 b - a +0 robe (worn)
 c - a +0 hat (worn)
Jewellery
 j - an amulet of the acrobat
Scrolls
 e - 2 scrolls of enchant weapon {unknown}
 f - a scroll of teleportation {unknown}
 g - a scroll of identify {unknown}
 h - a scroll of magic mapping {unknown}


   Skills:
 + Level 0.5 Fighting
 + Level 0.5 Short Blades
 + Level 0.5 Long Blades
 + Level 0.5 Axes
 + Level 0.5 Maces & Flails
 + Level 0.5 Polearms
 + Level 0.5 Staves
 + Level 0.5 Ranged Weapons
 + Level 0.5 Throwing
 + Level 0.5 Armour
 + Level 4.5 Dodging
 + Level 4.1 Stealth
 + Level 0.5 Shields
 + Level 0.5 Unarmed Combat
 + Level 7.1 Spellcasting
 + Level 2.0 Conjurations
 + Level 0.4 Hexes
 + Level 2.0 Summonings
 + Level 0.4 Necromancy
 + Level 2.0 Translocations
 + Level 0.4 Transmutations
 + Level 0.4 Fire Magic
 + Level 0.4 Ice Magic
 + Level 0.4 Air Magic
 + Level 0.4 Earth Magic
 + Level 0.4 Poison Magic
 + Level 0.7 Invocations
 + Level 0.5 Evocations


You had 14 spell levels left.
You knew the following spells:

 Your Spells              Type           Power      Damage    Failure   Level
a - Magic Dart            Conj           40%        1d5       6%          1

Your spell library contained the following spells:

 Spells                   Type           Power      Damage    Failure   Level
 Blink                    Tloc           20%        N/A       10%         2
 Call Imp                 Summ           10%        N/A       10%         2
 Slow                     Hex            20%        N/A       13%         1
 Cigotuvi's Dreadful Rot  Necr/Pois/Air  10%        N/A       19%         2
 Mephitic Cloud           Conj/Pois/Air  7%         N/A       30%         3


Dungeon Overview and Level Annotations

Branches:
Dungeon (2/15)

Altars:

Annotations:
D:2 Natasha


Innate Abilities, Weirdness & Mutations

You have very sharp teeth.
Your uncanny sense of smell can sniff out nearby items.
Your experience applies equally to all skills.
You are frail. (-10% HP)
You are strong-willed. (Will+)
You are vulnerable to heat. (rF-)


Message History

The magic dart hits Natasha.
Natasha is heavily wounded.
Natasha claws you.
* * * LOW HITPOINT WARNING * * *
The crimson imp completely misses you.
It was a potion of mutation.
You feel extremely strange.
You feel frail.
You feel vulnerable to heat.
You feel strong-willed. Natasha closely misses you.
The crimson imp closely misses you.
It was a potion of curing.
You feel better.
Natasha mumbles some strange words.
The crimson imp hits you but does no damage.
You hit Natasha.
Natasha is severely wounded.
Natasha closely misses you.
The crimson imp blinks!
You hit Natasha but do no damage.
Natasha is severely wounded.
Natasha casts a spell.
You miss Natasha. You bite Natasha, but do no damage.
Natasha is severely wounded.
Natasha closely misses you.
The crimson imp blinks!
You barely miss Natasha.
Natasha is severely wounded.
Natasha mewls in sadness.
Natasha misses you.
You barely miss Natasha.
Natasha is severely wounded.
Natasha claws you!
Aiming: Magic Dart (safe; 6% risk of failure)
Press: ? - help, Q - select action Shift-Dir - straight line, f/p - Natasha
Aim: Natasha (severely wounded, 100% to hit)
The magic dart hits Natasha.
Natasha is almost dead.
The crimson imp barely misses you.
The shadow imp picks up a beetle and eats it.
Natasha claws you.
* * * LOW HITPOINT WARNING * * *
Magic courses through your body. The crimson imp hits you.
* * * LOW HITPOINT WARNING * * *
Natasha claws you.
You die...

... .. .. #.
#.### #
#####...# #.###
........#.....#
#.@5...#
#.#h#..# #. 5..
# ## ...5#
...... ...##..
...) . #.##.


You could see Natasha, 2 crimson imps and a shadow imp (summoned).

Vanquished Creatures
  An adder (D:2)
  An endoplasm (D:1)
  2 goblins (D:1)
  A kobold (D:1)
  A bat (D:1)
  8 frilled lizards (D:1)
14 creatures vanquished.

Vanquished Creatures (others)
  4 plants (D:1)
4 creatures vanquished.

Grand Total: 18 creatures vanquished

Notes
Turn   | Place    | Note
-------+----------+-------------------------------------------
     0 | D:1      | arthad the Gnoll Hedge Wizard began the quest for the Orb.
     0 | D:1      | Reached XP level 1. HP: 13/13 MP: 8/8
   777 | D:1      | Reached XP level 2. HP: 19/19 MP: 8/10
   986 | D:2      | Noticed Natasha
   988 | D:2      | Noticed a crimson imp
   997 | D:2      | Gained mutation: You are frail. (-10% HP) [potion of
                  | mutation]
   997 | D:2      | Gained mutation: You are vulnerable to heat. (rF-) [potion
                  | of mutation]
   997 | D:2      | Gained mutation: You are strong-willed. (Will+) [potion of
                  | mutation]
  1001 | D:2      | Noticed a crimson imp
  1005 | D:2      | Slain by Natasha

Illustrated notes

Levels and vault maps discovered:
D:1:      ebering_trefoil_twist, layout_loops_ring, minmay_lizard_king
D:2:      layout_basic, chequers_ecumenical_altar_twisty, uniq_natasha,
          uniq_sigmund

Skill      XL: |  1 |
---------------+----+-----
Conjurations   | 2 |  2.0
Summonings     | 2 |  2.0
Translocations | 2 |  2.0
Fighting       | |  0.5
Short Blades   | |  0.5
Long Blades    | |  0.5
Axes           | |  0.5
Maces & Flails | |  0.5
Polearms       | |  0.5
Staves         | |  0.5
Ranged Weapons | |  0.5
Throwing       | |  0.5
Armour         | |  0.5
Dodging        | |  4.5
Stealth        | |  4.1
Shields        | |  0.5
Unarmed Combat | |  0.5
Spellcasting   | |  7.1
Hexes          | |  0.4
Necromancy     | |  0.4
Transmutations | |  0.4
Fire Magic     | |  0.4
Ice Magic      | |  0.4
Air Magic      | |  0.4
Earth Magic    | |  0.4
Poison Magic   | |  0.4
Invocations    | |  0.7
Evocations     | |  0.5

Action                   || total
-------------------------++-------
Melee: Dagger            ||     5
       Bite              ||     1
 Cast: Magic Dart        ||    35
  Use: Potion            ||     3
Armor: Robe              ||     4
Dodge: Dodged            ||    20

Table legend: (Time is in decaauts)
 A = Elapsed time spent in this place.
 B = Non-inter-level travel time spent in this place.
 C = Inter-level travel time spent in this place.
 D = Time resting spent in this place.
 E = Time spent auto-exploring this place.
 F = Levels seen in this place.
 G = Mean time per level.
                   A        B        C        D        E       F      G
               +--------+--------+--------+--------+--------+-----+--------+
         Total |   1004 |    962 |     42 |     55 |    835 |   2 |  502.0 |
       Dungeon |   1004 |    962 |     42 |     55 |    835 |   2 |  502.0 |
               +--------+--------+--------+--------+--------+-----+--------+

Top non-repeatable levels by time:
     D:1: 985 daAuts
     D:2: 19 daAuts
